 Dungeon Crawl Stone Soup version 0.19-a0-1223-gf83d13a (webtiles) character file.

67 st0uf the Shield-Bearer (level 4, -9/24 HPs)
             Began as a Vine Stalker Fighter on Aug 24, 2016.
             Blown up by Ijyb (14 damage)
             ... with a wand of disintegration
             ... on level 3 of the Dungeon.
             The game lasted 00:05:27 (1599 turns).

st0uf the Shield-Bearer (Vine Stalker Fighter)      Turns: 1599, Time: 00:05:27

Health: -9/24      AC:  9    Str: 19    XL:     4   Next: 18%
Magic:  0/5        EV:  7    Int:  8    God:
Gold:   99         SH:  9    Dex: 14    Spells: 0 memorised, 3 levels left

rFire  . . .     SeeInvis .     a - +0 long sword
rCold  . . .     Gourm    .     b - +0 scale mail
rNeg   . . .     Faith    .     c - +0 shield
rPois  .         Spirit   +     (no helmet)
rElec  .         Dismiss  .     s - +1 cloak
rCorr  .         Reflect  .     (no gloves)
MR     .....     Harm     .     e - +0 pair of boots
Stlth  ..........               (no amulet)
                                (no ring)
                                (no ring)

@: no status effects
A: fangs 2, regeneration 1, magic shield, antimagic bite, no device heal 3, rot
immunity
a: no special abilities


You were on level 3 of the Dungeon.
You were not hungry.

You visited 1 branch of the dungeon, and saw 3 of its levels.

You collected 99 gold pieces.

Inventory:

Hand Weapons
 a - a +0 long sword (weapon)
Armour
 b - a +0 scale mail (worn)
 c - a +0 shield (worn)
 e - a +0 pair of boots (worn)
 s - a +1 cloak (worn)
Jewellery
 l - an uncursed ring of magical power
 m - an uncursed ring of magical power
Scrolls
 h - 2 scrolls of remove curse {unknown}
 i - a scroll of enchant weapon {unknown}
 j - 2 scrolls of teleportation {unknown}
 o - a scroll of identify {unknown}
 t - a scroll of enchant armour {unknown}
Potions
 d - 4 potions of might
 k - a potion of curing {unknown}
 n - 2 potions of magic {unknown}
 p - a potion of degeneration {unknown}
 q - a potion of berserk rage {unknown}
Comestibles
 f - 2 bread rations
 g - 2 meat rations
 r - a slice of pizza


   Skills:
 + Level 3.1 Fighting
 + Level 2.1 Long Blades
 + Level 2.7 Armour
 + Level 1.0 Dodging
 + Level 0.6 Stealth
 + Level 3.3 Shields


You had 3 spell levels left.
You didn't know any spells.

Dungeon Overview and Level Annotations

Branches:
Dungeon (3/15)

Altars:
Ashenzari

Annotations:
D:3 Ijyb


Innate Abilities, Weirdness & Mutations

You have extremely sharp teeth.
Your natural rate of healing is unusually fast.
When hurt, damage is shared between your health and your magic reserves.
Your bite disrupts and absorbs the magic of your enemies.
Potions and wands cannot restore your health.
You are immune to rotting.


Message History

You hit Ijyb. Your bite misses Ijyb.
Ijyb is lightly wounded.
Ijyb hits you. You block Ijyb's attack.
You hit Ijyb but do no damage. Your bite misses Ijyb.
Ijyb is lightly wounded.
Ijyb zaps a wand.
You are blasted!
* * * LOW HITPOINT WARNING * * *
You hit Ijyb but do no damage.
Ijyb is lightly wounded.
Ijyb hits you but does no damage.
You barely miss Ijyb. You bite Ijyb, but do no damage.
Ijyb is lightly wounded.
Ijyb hits you but does no damage.
Ijyb zaps a wand.
You are blasted!
* * * LOW HITPOINT WARNING * * *
You slash Ijyb! You bite Ijyb. You drain her power.
You feel invigorated.
Ijyb is heavily wounded.
You block Ijyb's attack.
Ijyb zaps a wand.
You are blasted!
Ouch! That really hurt!
You die...

#.# #.# ...
.###.####### ...
.......... ....
#####...... ...
#....[.#.###+#...
#..<.<#....#
#.....#....#
#..(..g.@..#
#...)##.#+##
#.....J.>.#
##..####### (....
.##.## . .. ...


You could see Ijyb and an ooze.

Vanquished Creatures
  A gnoll (D:1)
  An ooze (D:2)
  2 dart slugs
  A giant gecko (D:2)
  4 bats (D:1)
  4 giant cockroaches
  4 hobgoblins
  7 jackals (D:2)
  6 kobolds
  A quokka (D:2)
  2 giant newts
  6 goblins
  6 rats
45 creatures vanquished.

Notes
Turn   | Place    | Note
-------+----------+-------------------------------------------
     0 | D:1      | st0uf the Vine Stalker Fighter began the quest for the Orb.
     0 | D:1      | Reached XP level 1. HP: 11/11 MP: 2/2
   297 | D:1      | Reached XP level 2. HP: 16/16 MP: 3/3
   502 | D:1      | Reached XP level 3. HP: 19/20 MP: 4/4
   874 | D:2      | Found a shattered altar of Ashenzari.
  1033 | D:2      | Reached skill level 1 in Dodging
  1106 | D:2      | Gained mutation: Your natural rate of healing is unusually fast. [Vine Stalker growth]
  1106 | D:2      | Reached XP level 4. HP: 24/24 MP: 5/5
  1586 | D:3      | Noticed Ijyb
  1599 | D:3      | Blown up by Ijyb

Vault maps used:
D:1:      erik_arrival_triangle_large
D:2:      old_standard_altar, minmay_misc_feat_enclosed
D:3:      nicolae_gozag_seed_capital, elyvilon_altar_4, uniq_iyjb, uniq_sigmund,
          uniq_terence

Skill      XL: |  1  2  3 |
---------------+----------+-----
Long Blades    | 2 |  2.1
Fighting       | 3 |  3.1
Shields        | 3 |  3.3
Dodging        | 1 |  1.0
Armour         | |  2.7
Stealth        | |  0.6

Action                   |  1- 3 |  4- 6 || total
-------------------------+-------+-------++-------
Melee: Long sword        |    92 |    22 ||   114
       Bite              |    25 |     7 ||    32
  Eat: Chunk             |       |     2 ||     2
Armor: Scale mail        |    33 |     5 ||    38
Dodge: Dodged            |    25 |     1 ||    26
Block: Shield            |    36 |     4 ||    40
